% Time on Ice - LAS VEGAS LIZARD KINGS
Lines # - Real PCT - Wanted PCT - Time Play
Normal Forward
1 - 31% - 37% - 17:06
2 - 31% - 30% - 16:38
3 - 25% - 23% - 13:50
4 - 12% - 10% - 6:44
Normal Defense
1 - 40% - 45% - 21:35
2 - 35% - 35% - 19:12
3 - 25% - 20% - 13:31
4 - 0% - 0% - 0:00
PP Forward
1 - 0% - 65% - 0:00
2 - 100% - 35% - 0:13
PP Defense
1 - 100% - 55% - 0:13
2 - 0% - 45% - 0:00
PK Forward
1 - 72% - 55% - 2:41
2 - 28% - 45% - 1:02
PK Defense
1 - 48% - 60% - 1:47
2 - 52% - 40% - 1:56
PK3 Forward
1 - 0% - 55%
2 - 0% - 45%
PK3 Defense
1 - 0% - 55%
2 - 0% - 45%
44 Forward
1 - 58% - 55% - 1:02
2 - 42% - 45% - 0:44
44 Defense
1 - 58% - 55% - 1:02
2 - 42% - 45% - 0:44
Last Minute Offensive  - 0:00
Last Minute Defensive  - 0:00
Total
Forward - 60:00
Defense - 60:00
% Time on Ice - ANCHORAGE ACES
Lines # - Real PCT - Wanted PCT - Time Play
Normal Forward
1 - 31% - 33% - 16:42
2 - 30% - 33% - 16:23
3 - 34% - 31% - 18:16
4 - 5% - 3% - 2:57
Normal Defense
1 - 32% - 35% - 17:35
2 - 33% - 35% - 17:48
3 - 30% - 23% - 16:25
4 - 5% - 7% - 2:30
PP Forward
1 - 50% - 50% - 1:51
2 - 50% - 50% - 1:52
PP Defense
1 - 55% - 55% - 2:03
2 - 45% - 45% - 1:40
PK Forward
1 - 100% - 55% - 0:13
2 - 0% - 45% - 0:00
PK Defense
1 - 0% - 55% - 0:00
2 - 100% - 45% - 0:13
PK3 Forward
1 - 0% - 55%
2 - 0% - 45%
PK3 Defense
1 - 0% - 55%
2 - 0% - 45%
44 Forward
1 - 68% - 55% - 1:12
2 - 32% - 45% - 0:34
44 Defense
1 - 68% - 55% - 1:12
2 - 32% - 45% - 0:34
Last Minute Offensive  - 0:00
Last Minute Defensive  - 0:00
Total
Forward - 60:00
Defense - 60:00
Play-by-Play 1st period 0:01 of 1st period - Ryan Nugent-Hopkins wins face-off versus Connor McDavid in neutral zone. 0:32 of 1st period - Shot by Johnny Gaudreau. 0:32 of 1st period - Stopped by Darcy Kuemper without a rebound. 0:33 of 1st period - Phillip Danault wins face-off versus Vladislav Namestnikov in ANCHORAGE ACES zone. 0:33 of 1st period - Phillip Danault is hit by Brandon Hagel. 0:50 of 1st period - Icing by Matt Roy. 0:51 of 1st period - Vladislav Namestnikov wins face-off versus Yegor Sharangovich in LAS VEGAS LIZARD KINGS zone. 1:24 of 1st period - Icing by Jani Hakanpaa. 1:25 of 1st period - Jeff Carter wins face-off versus Erik Haula in ANCHORAGE ACES zone. 1:31 of 1st period - Dillon Dube is hit by Jani Hakanpaa and loses puck. 1:54 of 1st period - Icing by Matthew Grzelcyk. 1:55 of 1st period - Jeff Carter wins face-off versus Phillip Danault in LAS VEGAS LIZARD KINGS zone. 2:03 of 1st period - Off-side. 2:04 of 1st period - Ryan Nugent-Hopkins wins face-off versus Phillip Danault in neutral zone. 2:51 of 1st period - Shot by Phillip Danault. 2:51 of 1st period - Shot Blocked by John Marino. 3:00 of 1st period - Icing by Brayden McNabb. 3:01 of 1st period - Johnny Gaudreau wins face-off versus Connor McDavid in LAS VEGAS LIZARD KINGS zone. 3:29 of 1st period - Shot by Seth Jones. 3:29 of 1st period - Stopped by Sergei Bobrovsky without a rebound. 3:30 of 1st period - Luke Glendening wins face-off versus Yegor Sharangovich in LAS VEGAS LIZARD KINGS zone. 4:17 of 1st period - Icing by Jani Hakanpaa. 4:18 of 1st period - Vladislav Namestnikov wins face-off versus Erik Haula in ANCHORAGE ACES zone. 4:39 of 1st period - Shot by Brandon Hagel. 4:39 of 1st period - Shot Blocked by Jani Hakanpaa. 4:41 of 1st period - Shot by Evan Rodrigues. 4:41 of 1st period - Stopped by Darcy Kuemper without a rebound. 4:42 of 1st period - Jeff Carter wins face-off versus Connor McDavid in ANCHORAGE ACES zone. 4:43 of 1st period - Shot by Victor Olofsson. 4:43 of 1st period - Stopped by Darcy Kuemper with a rebound. 4:46 of 1st period - Icing by Jakob Chychrun. 4:47 of 1st period - Jeff Carter wins face-off versus Alex Killorn in ANCHORAGE ACES zone. 4:58 of 1st period - Shot by Jeff Carter. 4:58 of 1st period - Stopped by Darcy Kuemper without a rebound. 4:59 of 1st period - Phillip Danault wins face-off versus Evan Rodrigues in ANCHORAGE ACES zone. 5:10 of 1st period - Shot by Brandon Hagel. 5:10 of 1st period - Shot Misses the Net. 5:12 of 1st period - Shot by Brayden McNabb. 5:12 of 1st period - Shot Misses the Net. 5:14 of 1st period - Shot by Evan Rodrigues. 5:14 of 1st period - Shot Misses the Net. 5:32 of 1st period - Shot by Brandon Hagel. 5:32 of 1st period - Shot Misses the Net. 5:37 of 1st period - Shot by Vladislav Namestnikov. 5:37 of 1st period - Stopped by Darcy Kuemper without a rebound. 5:38 of 1st period - Jeff Carter wins face-off versus Connor McDavid in ANCHORAGE ACES zone. 5:43 of 1st period - Shot by Jeff Carter. 5:43 of 1st period - Stopped by Darcy Kuemper without a rebound. 5:44 of 1st period - Connor McDavid wins face-off versus Jeff Carter in ANCHORAGE ACES zone. 6:23 of 1st period - Shot by Seth Jones. 6:23 of 1st period - Shot Blocked by Matt Roy. 6:25 of 1st period - Shot by Connor McDavid. 6:25 of 1st period - Shot Misses the Net. 7:40 of 1st period - Shot by Yegor Sharangovich. 7:40 of 1st period - Shot Blocked by Dillon Dube. 7:42 of 1st period - Shot by Erik Haula. 7:42 of 1st period - Shot Blocked by Dmitry Kulikov. 7:58 of 1st period - Shot by Marcus Johansson. 7:58 of 1st period - Shot Misses the Net. 8:52 of 1st period - John Marino is hit by Sheldon Dries and loses puck. 9:55 of 1st period - Shot by Phillip Danault. 9:55 of 1st period - Stopped by Sergei Bobrovsky without a rebound. 9:56 of 1st period - Erik Haula wins face-off versus Luke Glendening in LAS VEGAS LIZARD KINGS zone. 10:07 of 1st period - Erik Haula is hit by Ty Dellandrea and loses puck. 10:50 of 1st period - Icing by Jani Hakanpaa. 10:51 of 1st period - Erik Haula wins face-off versus Vladislav Namestnikov in ANCHORAGE ACES zone. 11:14 of 1st period - Shot by Connor McDavid. 11:14 of 1st period - Stopped by Sergei Bobrovsky with a rebound. 11:40 of 1st period - Shot by Connor McDavid. 11:40 of 1st period - Shot Misses the Net. 12:46 of 1st period - Shot by Chris Kreider. 12:46 of 1st period - Shot Blocked by Dmitry Kulikov. 13:08 of 1st period - Shot by Marcus Johansson. 13:08 of 1st period - Shot Misses the Net. 13:10 of 1st period - Shot by Yegor Sharangovich. 13:10 of 1st period - Stopped by Sergei Bobrovsky without a rebound. 13:11 of 1st period - Vladislav Namestnikov wins face-off versus Connor McDavid in LAS VEGAS LIZARD KINGS zone. 13:16 of 1st period - Seth Jones is hit by Vladislav Namestnikov. 13:36 of 1st period - Shot by Connor McDavid. 13:36 of 1st period - Shot Misses the Net. 13:38 of 1st period - Shot by Sam Gagner. 13:38 of 1st period - Shot Misses the Net. 13:40 of 1st period - Shot by Seth Jones. 13:40 of 1st period - Shot Misses the Net. 13:42 of 1st period - Shot by Connor McDavid. 13:42 of 1st period - Shot Misses the Net. 13:44 of 1st period - Shot by Robert Bortuzzo. 13:44 of 1st period - Goal by Robert Bortuzzo - LAS VEGAS LIZARD KINGS : 0 - ANCHORAGE ACES : 1. 13:45 of 1st period - Erik Haula wins face-off versus Ryan Nugent-Hopkins in neutral zone. 13:48 of 1st period - Brayden McNabb is hit by Erik Haula and loses puck. 14:03 of 1st period - Shot by Johnny Gaudreau. 14:03 of 1st period - Stopped by Darcy Kuemper without a rebound. 14:04 of 1st period - Jeff Carter wins face-off versus Phillip Danault in ANCHORAGE ACES zone. 15:18 of 1st period - John Marino is hit by Alexander DeBrincat and loses puck. 15:30 of 1st period - Icing by Phillip Danault. 15:31 of 1st period - Phillip Danault wins face-off versus Vladislav Namestnikov in ANCHORAGE ACES zone. 16:02 of 1st period - Nathan MacKinnon is hit by Patrik Nemeth and loses puck. 16:22 of 1st period - Connor McDavid is hit by Patrik Nemeth and loses puck. 16:45 of 1st period - Shot by Marcus Johansson. 16:45 of 1st period - Shot Misses the Net. 16:52 of 1st period - Erik Haula is hit by Patrik Nemeth. 17:11 of 1st period - Shot by Yegor Sharangovich. 17:11 of 1st period - Shot Misses the Net. 17:16 of 1st period - Icing by Patrik Nemeth. 17:17 of 1st period - Connor McDavid wins face-off versus Vladislav Namestnikov in LAS VEGAS LIZARD KINGS zone. 17:24 of 1st period - Shot by Connor McDavid. 17:24 of 1st period - Stopped by Sergei Bobrovsky without a rebound. 17:25 of 1st period - Ryan Nugent-Hopkins wins face-off versus Connor McDavid in LAS VEGAS LIZARD KINGS zone. 17:57 of 1st period - Johnny Gaudreau is hit by Seth Jones and loses puck. 18:32 of 1st period - Shot by Dmitry Kulikov. 18:32 of 1st period - Deflect By Victor Olofsson. 18:32 of 1st period - Stopped by Darcy Kuemper without a rebound. 18:33 of 1st period - Luke Glendening wins face-off versus Phillip Danault in ANCHORAGE ACES zone. 18:52 of 1st period - Luke Glendening is hit by Alexander DeBrincat and loses puck. 18:59 of 1st period - Shot by Alexander DeBrincat. 18:59 of 1st period - Deflect By Chris Kreider. 18:59 of 1st period - Stopped by Sergei Bobrovsky without a rebound. 19:00 of 1st period - Jeff Carter wins face-off versus Erik Haula in LAS VEGAS LIZARD KINGS zone. 19:10 of 1st period - Erik Haula is hit by Brayden McNabb. 19:18 of 1st period - Shot by Yegor Sharangovich. 19:18 of 1st period - Stopped by Sergei Bobrovsky without a rebound. 19:19 of 1st period - Ryan Nugent-Hopkins wins face-off versus Connor McDavid in LAS VEGAS LIZARD KINGS zone. 19:26 of 1st period - Nathan MacKinnon is hit by Ryan Nugent-Hopkins and loses puck. 19:30 of 1st period - Icing by Jakob Chychrun. 19:31 of 1st period - Connor McDavid wins face-off versus Vladislav Namestnikov in ANCHORAGE ACES zone. 19:31 of 1st period - Connor McDavid is hit by Brandon Hagel. 19:41 of 1st period - Shot by Evan Rodrigues. 19:41 of 1st period - Deflect By Brandon Hagel. 19:41 of 1st period - Stopped by Darcy Kuemper with a rebound. Goals for this period are 0 for LAS VEGAS LIZARD KINGS vs 1 for ANCHORAGE ACES. Shots for this period are 9 for LAS VEGAS LIZARD KINGS vs 8 for ANCHORAGE ACES. 2nd period 0:01 of 2nd period - Ryan Nugent-Hopkins wins face-off versus Connor McDavid in neutral zone. 0:06 of 2nd period - Alex Killorn is hit by Ryan Nugent-Hopkins and loses puck. 0:17 of 2nd period - Shot by Johnny Gaudreau. 0:17 of 2nd period - Shot Blocked by Seth Jones. 0:25 of 2nd period - Shot by Joe Pavelski. 0:25 of 2nd period - Stopped by Darcy Kuemper without a rebound. 0:26 of 2nd period - Dillon Dube wins face-off versus Phillip Danault in ANCHORAGE ACES zone. 0:52 of 2nd period - Dillon Dube is hit by Alexander DeBrincat and loses puck. 1:02 of 2nd period - Icing by Filip Hronek. 1:03 of 2nd period - Phillip Danault wins face-off versus Ryan Nugent-Hopkins in ANCHORAGE ACES zone. 1:21 of 2nd period - Icing by John Marino. 1:22 of 2nd period - Ryan Nugent-Hopkins wins face-off versus Connor McDavid in LAS VEGAS LIZARD KINGS zone. 1:41 of 2nd period - Icing by John Marino. 1:42 of 2nd period - Erik Haula wins face-off versus Ryan Nugent-Hopkins in LAS VEGAS LIZARD KINGS zone. 3:50 of 2nd period - Zemgus Girgensons is hit by Filip Hronek and loses puck. 3:59 of 2nd period - Shot by Alexander DeBrincat. 3:59 of 2nd period - Shot Blocked by Luke Glendening. 4:01 of 2nd period - Shot by Phillip Danault. 4:01 of 2nd period - Shot Misses the Net. 4:09 of 2nd period - Shot by Alexander DeBrincat. 4:09 of 2nd period - Stopped by Sergei Bobrovsky without a rebound. 4:10 of 2nd period - Connor McDavid wins face-off versus Jeff Carter in LAS VEGAS LIZARD KINGS zone. 4:15 of 2nd period - Shot by Sheldon Dries. 4:15 of 2nd period - Shot Misses the Net. 4:17 of 2nd period - Shot by Robert Bortuzzo. 4:17 of 2nd period - Shot Misses the Net. 4:42 of 2nd period - Connor McDavid is hit by Brayden McNabb and loses puck. 4:50 of 2nd period - Icing by Brayden McNabb. 4:51 of 2nd period - Erik Haula wins face-off versus Jeff Carter in LAS VEGAS LIZARD KINGS zone. 5:06 of 2nd period - Shot by Erik Haula. 5:06 of 2nd period - Shot Misses the Net. 5:15 of 2nd period - Minor Penalty to Brayden McNabb for Holding. 5:16 of 2nd period - Ty Dellandrea wins face-off versus Phillip Danault in LAS VEGAS LIZARD KINGS zone. 5:50 of 2nd period - Shot by Jakob Chychrun. 5:50 of 2nd period - Stopped by Sergei Bobrovsky without a rebound. 5:51 of 2nd period - Joe Pavelski wins face-off versus Connor McDavid in LAS VEGAS LIZARD KINGS zone. 6:00 of 2nd period - Shot by Joe Pavelski. 6:00 of 2nd period - Shot Misses the Net. 6:05 of 2nd period - Joe Pavelski is hit by Ryan Pulock and loses puck. 6:28 of 2nd period - Shot by Seth Jones. 6:28 of 2nd period - Shot Blocked by Brandon Hagel. 6:34 of 2nd period - Shot by Connor McDavid. 6:34 of 2nd period - Goal by Connor McDavid - LAS VEGAS LIZARD KINGS : 0 - ANCHORAGE ACES : 2. 6:35 of 2nd period - Erik Haula wins face-off versus Jeff Carter in neutral zone. 6:54 of 2nd period - Shot by Jeff Carter. 6:54 of 2nd period - Stopped by Darcy Kuemper without a rebound. 6:55